Map: Magannatha LE

Players

Schady

  • Race: Terran Terran
  • Spawn Location: 5:00

Jacoby - Winner!

  • Race: Zerg Zerg
  • League: Master
  • Spawn Location: 11:00

VOD

Have the link to the VOD?

Description

Time

  • Played on: Sept. 14, 2025, 7:54 p.m.
  • Length: 13:44
Show
View Real Time Build Order
Export as new Build Order

Schady Terran 

Build Orders:  

Get SALT Encoding   

  12  0:01  SCV  
  13  0:13  SCV  
  14  0:18  Supply Depot  
  14  0:25  SCV  
  15  0:39  SCV  
  16  0:43  Barracks  
  16  0:51  SCV  
  17  1:03  SCV  
  18  1:09  Refinery  
  18  1:15  SCV  
  19  1:31  Orbital Command  
  19  1:39  Command Center  
  19  2:04  Barracks Reactor  
  18  2:15  Supply Depot  
  18  2:16  SCV  
  19  2:28  SCV  
  20  2:45  Factory  
  20  2:48  SCV  
  20  2:49  Refinery  
  21  2:57  Marine x2, Bunker  
  23  3:01  SCV  
  24  3:14  Orbital Command  
  24  3:15  Marine x2  
  26  3:32  Marine  
  27  3:35  Factory Tech Lab, Starport  
  27  3:45  Supply Depot  
  27  4:04  Marine  
  27  4:05  Marine  
  27  4:07  Siege Tank  
  27  4:08  Supply Depot  
  32  4:14  SCV  
  32  4:15  SCV  
  34  4:22  Marine  
  35  4:27  SCV  
  35  4:30  Supply Depot  
  36  4:38  Barracks  
  36  4:42  Barracks  
  36  4:43  Barracks x2  
  36  4:56  Supply Depot  
  36  5:00  SCV x2  
  36  5:04  Marine x2  
  40  5:07  Siege Tank  
  40  5:09  Medivac  
  40  5:12  SCV  
  46  5:19  Supply Depot  
  46  5:22  Marine  
  47  5:38  Barracks Reactor, Barracks Tech Lab x2  
  47  5:39  Medivac  
  47  5:41  Supply Depot  
  49  5:50  Barracks Reactor  
  49  5:56  SCV x2  
  51  6:04  Refinery  
  51  6:07  Refinery  
  51  6:08  SCV  
  52  6:16  Engineering Bay, Marine x2  
  52  6:17  Marine  
  59  6:18  Marauder x2  
  59  6:20  Combat Shield  
  59  6:23  Stimpack  
  59  6:26  Marine x2  
  59  6:27  Marine  
  62  6:44  SCV  
  63  6:56  SCV  
  64  7:04  Terran Infantry Weapons Level 1  
  64  7:08  SCV  
  65  7:09  SCV  
  65  7:10  Marine  
  65  7:11  Marine x2  
  65  7:12  Marauder  
  65  7:14  Siege Tank  
  74  7:16  Medivac  
  74  7:20  SCV  
  77  7:45  SCV x2  
  79  7:57  SCV  
  80  7:58  Marine x3  
  80  7:59  Marine  
  80  8:00  Marauder x2  
  80  8:01  Siege Tank  
  80  8:03  Medivac  
  93  8:08  Concussive Shells  
  93  8:43  Marauder  
  93  8:44  Siege Tank  
  72  8:58  Terran Infantry Armor Level 1  
  72  9:01  Marine x2  
  72  9:02  Marine x4  
  70  9:03  Marine  
  70  9:04  Marauder  
  70  9:08  Medivac  
  77  9:16  Siege Tank  
  80  9:21  Marauder  
  83  9:24  SCV x2  
  83  9:26  Marauder  
  83  9:27  Marine x3  
  89  9:38  Medivac  
  91  9:42  Marauder  
  93  9:49  Marine  
  94  10:04  Supply Depot  
  94  10:08  Supply Depot  
  94  10:25  Marine x4  
  94  10:26  Marauder x2  
  100  10:28  Supply Depot  
  100  10:29  Siege Tank  
  100  10:31  Supply Depot  
  78  10:45  Marine  
  78  10:46  Marine x5  
  78  10:47  Marauder, Marine  
  85  10:53  Supply Depot  
  85  11:03  Marine x2  
  85  11:04  Marine  
  87  11:05  Marauder  
  87  11:06  Medivac  
  87  11:09  Marauder  
  94  11:26  Marauder, Siege Tank  
  94  11:30  Marauder  
  101  11:36  Medivac  
  103  11:48  Marauder  
  103  11:51  Marauder  
  107  12:06  Medivac  
  48  13:18  Marine x3  
  48  13:19  Marine x5  
Show
View Real Time Build Order
Export as new Build Order

Jacoby Zerg - Winner!

Build Orders: Hatch First, Swarm Host 

Get SALT Encoding   

  12  0:24  Hatchery  
  11  0:33  Drone  
  12  0:39  Overlord  
  12  0:43  Drone  
  13  1:00  Spawning Pool  
  12  1:05  Drone  
  12  1:10  Drone  
  14  1:14  Drone  
  15  1:22  Overlord  
  15  1:28  Drone  
  16  1:48  Zergling x4  
  16  1:53  Queen  
  20  2:06  Drone x2  
  22  2:09  Overlord  
  22  2:10  Extractor  
  21  2:21  Spine Crawler  
  20  2:25  Drone x2  
  22  2:32  Roach Warren  
  21  2:45  Drone x3  
  21  2:47  Drone x2  
  26  2:55  Zergling x2  
  27  3:01  Drone  
  27  3:03  Drone  
  29  3:07  Queen  
  29  3:12  Extractor  
  30  3:25  Spore Crawler  
  29  3:28  Drone x2  
  31  3:36  Drone x2  
  31  3:38  Drone  
  34  3:41  Metabolic Boost  
  34  3:47  Extractor  
  33  3:52  Drone x3  
  38  4:02  Roach  
  38  4:03  Roach x2  
  42  4:12  Drone  
  42  4:13  Drone  
  42  4:14  Spore Crawler, Overlord  
  42  4:17  Overlord  
  43  4:28  Drone  
  44  4:32  Queen  
  46  4:46  Drone x3  
  46  4:47  Drone  
  46  4:49  Roach x2  
  46  4:51  Roach  
  56  4:59  Lair  
  56  5:01  Drone  
  56  5:04  Drone  
  58  5:19  Evolution Chamber  
  57  5:25  Pneumatized Carapace  
  57  5:30  Ravager  
  57  5:32  Drone  
  57  5:33  Drone  
  60  5:35  Overlord  
  60  5:36  Overlord  
  60  5:37  Baneling Nest  
  59  5:43  Spore Crawler  
  59  5:46  Overlord  
  58  5:51  Zerg Ground Armor Level 1  
  58  5:54  Drone  
  58  5:55  Drone x2  
  61  5:59  Glial Reconstitution  
  61  6:03  Evolution Chamber  
  61  6:04  Drone x3  
  63  6:16  Hydralisk Den  
  62  6:27  Baneling x4  
  62  6:28  Zergling x10  
  62  6:29  Zergling x4  
  69  6:32  Overseer  
  69  6:34  Overseer  
  69  6:36  Overseer  
  69  6:38  Overseer  
  69  6:39  Overlord  
  69  6:41  Overlord  
  69  6:51  Hydralisk x2  
  69  6:52  Hydralisk x2  
  77  6:58  Zerg Missile Weapons Level 1  
  77  7:01  Grooved Spines  
  77  7:17  Overseer  
  77  7:24  Hydralisk x3  
  77  7:27  Drone x3  
  86  7:30  Extractor  
  85  7:48  Infestation Pit  
  84  7:58  Drone x3  
  86  8:02  Nydus Network  
  86  8:10  Centrifugal Hooks  
  86  8:17  Spore Crawler  
  86  8:18  Spore Crawler  
  84  8:21  Muscular Augments  
  72  8:51  Zergling x4  
  72  8:52  Zergling x14  
  73  9:12  Roach x5  
  73  9:13  Roach  
  73  9:15  Overlord  
  73  9:16  Overlord  
  85  9:21  Hatchery  
  84  9:40  Queen x2  
  88  9:49  Drone x3  
  88  9:50  Drone x5  
  96  9:57  Zerg Missile Weapons Level 2  
  96  9:59  Zerg Ground Armor Level 2  
  96  10:21  Roach x7  
  106  10:22  Roach x3  
  106  10:51  Spire  
  106  10:55  Swarm Host  
  106  10:56  Swarm Host x4  
  120  11:02  Overlord x4  
  120  11:17  Ravager x2  
  122  11:24  Ravager x5  
  127  11:26  Ravager x2  
  127  11:27  Zergling x6  
  127  11:28  Zergling x6  
  127  11:31  Swarm Host  
  138  12:20  Nydus Canal  
  138  12:23  Swarm Host x5  
  153  12:36  Lurker Den  
Tags
 
Composition
Swarm Host
League
Master
Matchup
TvZ
Spawn Locations
Cross Positions
Add a new tag
Caveats
  • Supply blocks, unpowered buildings, or Contaminate may cause inaccurate times.
  • Supply counts are checked every 10 seconds.